 Dungeon Crawl Stone Soup version 0.22-a0-322-g60b3cfd (webtiles) character file.

42 mhoghedin the Grave Robber (level 3, 0/31 HPs)
             Began as a Ghoul Necromancer on Apr 2, 2018.
             Slain by a goblin
             ... wielding a +0 club
              (1 damage)
             ... on level 2 of the Dungeon on Apr 4, 2018.
             The game lasted 00:05:11 (1492 turns).

mhoghedin the Grave Robber (Ghoul Necromancer)      Turns: 1492, Time: 00:05:11

Health: 0/31       AC:  2    Str: 11    XL:     3   Next: 54%
Magic:  4/4        EV: 12    Int: 11    God:
Gold:   5          SH:  0    Dex:  9    Spells: 4/5 levels left

rFire    . . .     SeeInvis .   b - +0 short sword
rCold    + . .     Gourm    .   (no shield)
rNeg     + + +     Faith    .   a - +0 robe
rPois    ∞         Spirit   .   (no helmet)
rElec    .         Reflect  .   (no cloak)
rCorr    .         Harm     .   (no gloves)
MR       .....                  (no boots)
Stlth    ++........             (no amulet)
HPRegen  0.00/turn              (no ring)
MPRegen  0.09/turn              (no ring)

@: rotting
A: rotting body, claws 1, carnivore, cold resistance 1, negative energy
resistance 3, inhibited regeneration, torment resistance, unbreathing
a: no special abilities


You were on level 2 of the Dungeon.
You were not hungry.

You visited 1 branch of the dungeon, and saw 2 of its levels.

You collected 5 gold pieces.

Inventory:

Hand Weapons
 b - a +0 short sword (weapon)
   (You took it off a kobold on level 1 of the Dungeon)
Armour
 a - a +0 robe (worn)
Scrolls
 d - a scroll of remove curse {unknown}
 g - a scroll of identify {unknown}
Potions
 e - a potion of heal wounds {unknown}
Comestibles
 c - 2 rations


   Skills:
 + Level 3.4 Fighting
 - Level 1.7 Dodging
 - Level 2.1 Stealth
 - Level 1.7 Spellcasting
 - Level 4.0 Necromancy


You had 4 spell levels left.
You knew the following spells:

 Your Spells              Type           Power        Failure   Level  Hunger
a - Pain                  Necr           #...         6%          1    ##.....


Dungeon Overview and Level Annotations

Branches:
Dungeon (2/15)

Altars:


Innate Abilities, Weirdness & Mutations

Your body is rotting away.
You thrive on raw meat.
You are immune to poison.
You have sharp fingernails.
You are carnivorous and can eat meat at any time.
Your flesh is cold resistant. (rC+)
You are immune to negative energy. (rN+++)
You do not regenerate when monsters are visible.
You are immune to unholy pain and torment.
You can survive without breathing.


Message History

No target in view!
No target in view!
Things that are here:
a whip; a stone Done exploring.
You regained 5 hp, and now have 30/31 hp.
Done exploring.
(D) Dungeon
Where to? (? - help)
You see here a dagger.
There is a stone staircase leading down here.
You climb downwards.
There is a stone staircase leading up here.
Health restored: 31 A jackal comes into view.
The jackal barks!
You hear a bark!
You hear a shout!
A jackal comes into view.
A jackal comes into view.
The jackal barks!
The jackal bites you.
You take 1 damage, and have 30/31 hp.
The jackal misses you.
You barely miss the jackal. The jackal barely misses you.
You hit the jackal. The jackal bites you.
You take 1 damage, and have 29/31 hp.
You hit the jackal. The jackal bites you. The jackal barely misses you.
You take 1 damage, and have 28/31 hp.
You hit the jackal but do no damage. The jackal completely misses you.
You hit the jackal.
You kill the jackal!
You hit the jackal. The jackal bites you. x2
A hobgoblin comes into view. It is wielding a club.
You take 2 damage, and have 26/31 hp.
You closely miss the jackal.
The jackal bites you but does no damage.
The jackal bites you.
You take 2 damage, and have 24/31 hp.
You hit the jackal.
You kill the jackal!
The jackal closely misses you.
You hit the jackal but do no damage. The jackal closely misses you.
A goblin comes into view. It is wielding a club.
The goblin shouts!
You hit the jackal. The jackal barely misses you.
The jackal bites you but does no damage.
You hit the jackal.
You kill the jackal!
The hobgoblin closely misses you.
You closely miss the hobgoblin. The hobgoblin hits you with a club.
You take 3 damage, and have 21/31 hp.
You barely miss the hobgoblin. The hobgoblin hits you with a club.
You take 2 damage, and have 19/31 hp.
You closely miss the hobgoblin. The hobgoblin closely misses you.
You hit the hobgoblin. The hobgoblin hits you with a club.
You take 3 damage, and have 16/31 hp.
You are too injured to fight recklessly!
You are too injured to fight recklessly!
You are too injured to fight recklessly!
You are too injured to fight recklessly!
You are too injured to fight recklessly!
You are too injured to fight recklessly!
You are too injured to fight recklessly!
You are too injured to fight recklessly!
You are too injured to fight recklessly!
You are too injured to fight recklessly!
You are too injured to fight recklessly!
You are too injured to fight recklessly!
You are too injured to fight recklessly!
You are too injured to fight recklessly!
You are too injured to fight recklessly!
You are too injured to fight recklessly!
You are too injured to fight recklessly!
You hit the hobgoblin but do no damage.
The hobgoblin hits you but does no damage.
You barely miss the hobgoblin. The hobgoblin closely misses you.
You barely miss the hobgoblin. The hobgoblin hits you with a club.
You take 1 damage, and have 15/31 hp.
You closely miss the hobgoblin. The hobgoblin hits you with a club.
You take 2 damage, and have 13/31 hp.
You barely miss the hobgoblin. The hobgoblin misses you.
You closely miss the hobgoblin. The hobgoblin hits you with a club.
* * * LOW HITPOINT WARNING * * *
You take 5 damage, and have 8/31 hp.
Unknown command.
Okay, then.
Unknown command.
Unknown command.
You barely miss the hobgoblin.
The hobgoblin hits you but does no damage.
You hit the hobgoblin.
You kill the hobgoblin!
You hit the goblin. The goblin closely misses you.
You barely miss the goblin. The goblin hits you with a club.
* * * LOW HITPOINT WARNING * * *
You take 1 damage, and have 7/31 hp.
You hit the goblin. The goblin hits you with a club.
* * * LOW HITPOINT WARNING * * *
You take 6 damage, and have 1/31 hp.
You closely miss the goblin. The goblin hits you with a club.
You die...

#.# #.# #
#.#.#
#.#.#####
#.....)..
#.# #.#
#g# #@#
#.# #<#
###


You could see a goblin.

Vanquished Creatures
  2 bats (D:1)
  4 giant cockroaches (D:1)
  5 goblins (D:1)
  6 hobgoblins
  3 jackals (D:2)
  A ball python (D:1)
  4 frilled lizards (D:1)
  6 kobolds (D:1)
  8 rats (D:1)
39 creatures vanquished.

Notes
Turn   | Place    | Note
-------+----------+-------------------------------------------
     0 | D:1      | mhoghedin the Ghoul Necromancer began the quest for the Orb.
     0 | D:1      | Reached XP level 1. HP: 14/14 MP: 2/2
   138 | D:1      | Reached skill level 1 in Fighting
   223 | D:1      | Reached XP level 2. HP: 20/24 MP: 3/3
   233 | D:1      | Reached skill level 2 in Fighting
   431 | D:1      | HP: 5/25 [hobgoblin/club (3)]
   435 | D:1      | HP: 2/25 [hobgoblin/club (6)]
   440 | D:1      | HP: 2/25 [hobgoblin/club (2)]
   978 | D:1      | Reached XP level 3. HP: 16/30 MP: 4/4
  1103 | D:1      | Reached skill level 3 in Fighting
  1490 | D:2      | HP: 7/31 [goblin/club (1)]
  1491 | D:2      | HP: 1/31 [goblin/club (6)]
  1492 | D:2      | Slain by a goblin

Vault maps used:
D:1:      lemuel_arrival_hallway

Skill      XL: |  1  2  3 |
---------------+----------+-----
Fighting       | 1 2 3 |  3.4
Dodging        | |  1.7
Stealth        | |  2.1
Spellcasting   | |  1.7
Necromancy     | |  4.0

Action                   || total
-------------------------++-------
Melee: Unarmed           ||    15
       Short sword       ||   147
 Cast: Pain              ||     4
 Stab: Sleeping          ||     4
  Eat: Chunk             ||    14
Armor: Robe              ||    21
Dodge: Dodged            ||   111

Table legend:
 A = Spawn XP
 B = Non-spawn XP
 C = Spawn XP percentage of total XP
 D = Spawn monster count
 E = Non-spawn monster count
 F = Spawn count percentage of total count
 G = Total turns spent on level
                    A         B        C        D         E        F      G
               +---------+---------+-------+---------+---------+-------+---------
         Total |       0 |      60 |   0.0 |       0 |      39 |   0.0 |  1492
               +---------+---------+-------+---------+---------+-------+---------
           D:1 |       0 |      52 |   0.0 |       0 |      35 |   0.0 |  1176
           D:2 |       0 |       8 |   0.0 |       0 |       4 |   0.0 |   316
               +---------+---------+-------+---------+---------+-------+---------

Vault maps used:
D:1:      lemuel_arrival_hallway

Table legend:
 A = Turns spent in this place as a percentage of turns spent in the entire game.
 B = Non-inter-level travel turns spent in this place as a percentage of non-inter-level travel turns spent in the entire game.
 C = Inter-level travel turns spent in this place as a percentage of turns spent in this place.
 D = Turns resting spent in this place as a percentage of non-inter-level travel turns spent in this place.
 E = Turns spent auto-exploring this place as a percentage of non-inter-level travel turns spent in this place.
 F = Non-inter-level travel turns spent in this place divided by the number of levels of this place that you've seen.
                   A       B       C       D       E      F
               +-------+-------+-------+-------+-------+----------------------
         Total | 100.0 | 100.0 |   1.2 |  41.4 |  32.6 | 737.0
       Dungeon | 100.0 | 100.0 |   1.2 |  41.4 |  32.6 | 737.0
               +-------+-------+-------+-------+-------+----------------------

Table legend:
 A = Kills in this place as a percentage of kills in entire the game.
 B = Kills by you in this place as a percentage of kills by you in the entire game.
 C = Kills by friends in this place as a percentage of kills by friends in the entire game.
 D = Other kills in this place as a percentage of other kills in the entire game.
 E = Experience gained in this place as a percentage of experience gained in the entire game.
 F = Experience gained in this place divided by the number of levels of this place that you have seen.
                   A       B       C       D       E      F
               +-------+-------+-------+-------+-------+----------------------
         Total | 100.0 | 100.0 |   N/A |   N/A | 100.0 |  30.0
       Dungeon | 100.0 | 100.0 |   N/A |   N/A | 100.0 |  30.0
               +-------+-------+-------+-------+-------+----------------------
